 Dungeon Crawl Stone Soup version 0.28-b1-25-g9875b3fc8c (webtiles) character file.

Game seed: 14705357284630249594

2984 Anothat the Fighter (level 9, -17/62 HPs)
             Began as a Gargoyle Fighter on Feb 5, 2022.
             Was a Priest of Okawaru.
             Demolished by a very large slime creature (32 damage)
             ... on level 7 of the Dungeon.
             The game lasted 00:19:35 (8303 turns).

Anothat the Fighter (Gargoyle Fighter)              Turns: 8303, Time: 00:19:35

Health: -17/62     AC: 23    Str: 23    XL:     9   Next: 83%
Magic:  0/9        EV:  5    Int: 10    God:    Okawaru [***...]
Gold:   342        SH:  0    Dex: 13    Spells: 8/8 levels left

rFire   . . .      SeeInvis .   w - +1 morningstar
rCold   . . .      Faith    .   x - +5 kite shield of Durable Wonder {rCorr Dex+4}
rNeg    + . .      Spirit   +   l - +0 plate armour
rPois   ∞          Reflect  .   z - +1 helmet
rElec   +          Harm     .   (no cloak)
rCorr   +          Rampage  .   (no gloves)
Will    .....                   D - +0 pair of boots
Stlth   ..........              g - amulet of guardian spirit
HPRegen 0.20/turn               (no ring)
MPRegen 0.11/turn               (no ring)

@: confused, ambrosia-drunk
A: sickness immunity, AC +6, negative energy resistance 1, electricity
resistance, torment resistance 1, petrification resistance
a: Renounce Religion, Heroism


You were on level 7 of the Dungeon.
You worshipped Okawaru.
Okawaru was most pleased with you.
You visited 2 branches of the dungeon, and saw 8 of its levels.
You also visited: Sewer.

You collected 342 gold pieces.

Inventory:

Hand Weapons
 a - a +0 flail
 w - a +1 morningstar (weapon)
Missiles
 i - 201 stones (quivered)
 r - 4 boomerangs
Armour
 b - a +0 scale mail
 c - a +0 buckler
 l - a +0 plate armour (worn)
 x - the +5 kite shield of Durable Wonder (worn) {rCorr Dex+4}
   (You found it on level 4 of the Dungeon)

   Dex:       It affects your dexterity (+4).
   rCorr:     It protects you from acid and corrosion.
 z - a +1 helmet (worn)
 D - a +0 pair of boots (worn)
Jewellery
 g - an amulet of guardian spirit (around neck)
 h - a ring of willpower
Wands
 n - a wand of iceblast (5)
Scrolls
 e - a scroll of magic mapping
 p - 3 scrolls of immolation
 s - 3 scrolls of noise
 v - 2 scrolls of teleportation
 y - a scroll of fog
 F - a scroll of identify
 G - a scroll of enchant weapon
Potions
 d - 3 potions of might
 f - a potion of mutation {unknown}
 j - a potion of ambrosia
 k - a potion of haste
 m - 2 potions of degeneration
 o - a potion of cancellation {unknown}
 q - a potion of lignification {unknown}
 u - a potion of brilliance {unknown}
 A - a potion of heal wounds {unknown}
 B - 2 potions of flight {unknown}
 C - a potion of magic {unknown}
 E - a potion of berserk rage {unknown}


   Skills:
 * Level 9.8 Fighting
 + Level 6.2 Maces & Flails
 + Level 7.3 Armour
 + Level 7.4 Shields


You had 8 spell levels left.
You didn't know any spells.
Your spell library contained the following spells:

 Spells                   Type           Power      Damage    Failure   Level
 Apportation              Tloc           0%         N/A       100%        1
 Shock                    Conj/Air       0%         1d3       100%        1
 Confusing Touch          Hex            0%         N/A       100%        3
 Swiftness                Air            0%         N/A       100%        3
 Airstrike                Air            0%         N/A       100%        4
 Anguish                  Hex/Necr       0%         N/A       100%        4
 Yara's Violent Unravell  Hex/Tmut       0%         3d3       100%        5
 Enfeeble                 Hex            0%         N/A       100%        7
 Animate Skeleton         Necr           Unusable   N/A       N/A         1
 Summon Small Mammal      Summ           Unusable   N/A       N/A         1
 Tukima's Dance           Hex            Unusable   N/A       N/A         3

Dungeon Overview and Level Annotations

Branches:
Dungeon (7/15)             Temple (1/1) D:5           Sewer (visited)

Altars:
Cheibriados
Dithmenos
Elyvilon
Fedhas
Kikubaaqudgha
Makhleb
Nemelex Xobeh
Okawaru
Qazlal
Ru
Sif Muna
Trog
Uskayaw
Vehumet
Wu Jian
Xom
Yredelemnul
Zin
The Shining One

Shops:
D:7 (*((


Innate Abilities, Weirdness & Mutations

You are immune to sickness and miasma.
Your stone body is resilient. (AC +6)
You are immune to poison.
You resist negative energy. (rN+)
You are resistant to electric shocks. (rElec)
You are resistant to unholy torment.
You are immune to petrification.


Message History

You impale the very large slime creature!!
The very large slime creature is moderately wounded.
You block the very large slime creature's attack.
You hit the very large slime creature.
The very large slime creature is moderately wounded.
The very large slime creature completely misses you.
You puncture the very large slime creature!
The very large slime creature is moderately wounded.
The very large slime creature hits you but does no damage.
You hit the very large slime creature.
The very large slime creature is moderately wounded.
You block the very large slime creature's attack. x2
You bludgeon the very large slime creature!!
The very large slime creature is heavily wounded.
You block the very large slime creature's attack.
You puncture the very large slime creature!
The very large slime creature is heavily wounded.
The very large slime creature hits you!
Aiming: Corrosive Bolt
Press: ? - help, Shift-Dir - straight line, f/p - very large slime creature
Aim: a very large slime creature (heavily wounded, 94% to hit)
The bolt of acid hits the very large slime creature!
The acid corrodes the very large slime creature!
The very large slime creature is heavily wounded.
The very large slime creature hits you but does no damage.
Aiming: Corrosive Bolt
Press: ? - help, Shift-Dir - straight line, f/p - very large slime creature
Aim: a very large slime creature (heavily wounded, covered in acid, 94% to hit)
The bolt of acid hits the very large slime creature!
The very large slime creature seems to be corroded for longer.
The very large slime creature is severely wounded.
The now-empty wand crumbles to dust.
The very large slime creature hits you!!
* * * LOW HITPOINT WARNING * * *
It was a potion of ambrosia.
You are confused.
You feel invigorated.
The very large slime creature hits you!!!
Ouch! That really hurt!
You die...

###.##
#..#
##.##
#..#
##.##
#.##
##.#
#J##
#@#
###


You could see a very large slime creature (corroded).

Vanquished Creatures
  An unseen horror (D:6)
  Sigmund (D:4)
  An acid dragon (D:6)
  A water moccasin (D:6)
  A black bear (D:5)
  2 sky beasts
  4 ogres
  An ice beast (D:7)
  A phantom (D:6)
  2 gnoll sergeants (D:7)
  2 scorpions
  6 killer bees (D:7)
  2 howler monkeys (D:7)
  A centaur zombie (D:6)
  4 jellies
  5 centaur skeletons
  2 hounds
  A bullfrog skeleton (D:6)
  3 orc wizards
  Natasha (D:4)
  7 iguanas
  A killer bee zombie (D:6)
  A hound zombie (D:5)
  6 gnolls (D:7)
  8 adders
  3 river rats (Sewer)
  A white imp (D:6)
  An adder skeleton (D:4)
  2 worms
  2 dart slugs
  9 orcs
  4 endoplasms
  4 giant cockroaches (D:3)
  7 goblins
  5 hobgoblins
  2 kobolds
  4 quokkas
  8 ball pythons
  5 bats
  10 frilled lizards
  15 rats
147 creatures vanquished.

Notes
Turn   | Place    | Note
-------+----------+-------------------------------------------
     0 | D:1      | Anothat the Gargoyle Fighter began the quest for the Orb.
     0 | D:1      | Reached XP level 1. HP: 14/14 MP: 1/1
   267 | D:1      | Reached XP level 2. HP: 19/19 MP: 2/2
   588 | D:1      | Found a faded altar of an unknown god.
  1010 | D:2      | Reached XP level 3. HP: 15/24 MP: 3/3
  1662 | D:2      | Reached skill level 4 in Fighting
  2397 | D:2      | Noticed a scorpion
  2399 | D:2      | Killed a scorpion
  2400 | D:2      | Reached XP level 4. HP: 30/30 MP: 4/4
  2586 | D:3      | Reached XP level 5. HP: 21/34 MP: 5/5
  2774 | D:3      | Found a glowing drain.
  2810 | Sewer    | Entered a sewer
  3413 | D:3      | Reached skill level 5 in Fighting
  3644 | D:3      | Reached XP level 6. HP: 37/40 MP: 6/6
  3879 | D:4      | Noticed Sigmund
  3882 | D:4      | Killed Sigmund
  4039 | D:4      | Identified the +5 kite shield of Durable Wonder {rCorr
                  | Dex+4}
  4164 | D:4      | You fall into a shaft and drop 2 floors!
  4178 | D:6      | Found a sparkling altar of Nemelex Xobeh.
  4200 | D:6      | Noticed an acid dragon
  4289 | D:6      | Reached XP level 7. HP: 39/45 MP: 7/7
  4412 | D:5      | Entered Level 5 of the Dungeon
  4637 | D:4      | Noticed Natasha
  4650 | D:4      | Killed Natasha
  4651 | D:4      | Reached skill level 6 in Fighting
  4651 | D:4      | Reached skill level 5 in Shields
  5015 | D:5      | Found a staircase to the Ecumenical Temple.
  5033 | Temple   | Entered the Ecumenical Temple
  5162 | Temple   | Became a worshipper of Warmaster Okawaru
  5218 | D:5      | Reached skill level 5 in Armour
  6056 | D:6      | Killed an unseen horror
  6056 | D:6      | Reached * piety under Okawaru
  6057 | D:6      | Reached skill level 7 in Fighting
  6057 | D:6      | Reached XP level 8. HP: 14/53 MP: 2/8
  6411 | D:6      | Reached skill level 5 in Maces & Flails
  6679 | D:6      | Reached skill level 8 in Fighting
  6854 | D:6      | Reached ** piety under Okawaru
  6855 | D:6      | Reached XP level 9. HP: 48/60 MP: 7/9
  7490 | D:6      | Reached skill level 9 in Fighting
  7667 | D:7      | Found Athrydause's Weapon Boutique.
  7667 | D:7      | Found Kytis's Assorted Antiques.
  7667 | D:7      | Found Lelomick's Antique Weapon Boutique.
  7667 | D:7      | Found Xutened's Weapon Boutique.
  7810 | D:7      | Reached *** piety under Okawaru
  8045 | D:7      | Found a basalt altar of Yredelemnul.
  8045 | D:7      | Found a radiant altar of Vehumet.
  8046 | D:7      | Found an ornate altar of the Wu Jian Council.
  8303 | D:7      | Demolished by a very large slime creature

Illustrated notes

Levels and vault maps discovered:
D:1:      lemuel_arrival_rhombus, layout_basic, chequers_ecumenical_altar_island
D:2:      minmay_chambers_of_twos, layout_basic
D:3:      layout_loops_ring, gup_sewer_entry_pipe
D:4:      layout_basic, uniq_natasha, uniq_sigmund
D:5:      layout_cave_pods, minmay_temple_entry_water_ring,
          nicolae_elevator_lobby_asterisk
D:6:      cheibrodos_fzero, layout_basic, nemelex_spade_bored_becter
D:7:      layout_cave_pods, nicolae_overflow_quartered_altars,
          chequers_serial_rivers_room_b, minmay_shop_grid_forest,
          minmay_stone_trees_small, nrook_loot_triangle
Temple:   regret_index_temple_waves

Skill      XL: |  1  2  3  4  5  6  7  8  9 |
---------------+----------------------------+-----
Fighting       | 4 5 7 8 9 |  9.8
Shields        | 4 5 6 7 |  7.4
Armour         | 4 5 6 7 |  7.3
Maces & Flails | 3 4 5 6 |  6.2

Action                   |  1- 3 |  4- 6 |  7- 9 || total
-------------------------+-------+-------+-------++-------
Melee: Flail             |   171 |   179 |       ||   350
       Morningstar       |       |    40 |   334 ||   374
Throw: Boomerang         |       |       |     1 ||     1
Invok: Heroism           |       |       |     1 ||     1
Evoke: Wand              |     1 |     5 |     9 ||    15
  Use: Scroll            |       |       |    10 ||    10
       Potion            |       |       |     5 ||     5
Armor: Scale mail        |   107 |       |       ||   107
       Plate armour      |     1 |   155 |   241 ||   397
Dodge: Dodged            |   110 |    57 |    68 ||   235
Block: Buckler           |    58 |    46 |       ||   104
       Kite shield       |       |     9 |   304 ||   313
